 Dungeon Crawl Stone Soup version 0.28.0-53-g5a82cb258f (webtiles) character file.

Game seed: 6312601682300172282

102 Druoop the Digger (level 4, -1/24 HPs)
             Began as a Gargoyle Earth Elementalist on June 28, 2022.
             Slain by a howler monkey zombie (3 damage)
             ... on level 3 of the Dungeon.
             The game lasted 00:15:43 (3234 turns).

Druoop the Digger (Gargoyle Earth Elementalist)     Turns: 3234, Time: 00:15:43

Health: -1/24      AC:  3    Str: 12    XL:     4   Next: 78%
Magic:  3/7        EV: 16    Int: 17    God:
Gold:   93         SH:  0    Dex: 10    Spells: 2/8 levels left

rFire   + . .      SeeInvis .   o - staff of conjuration
rCold   . . .      Faith    .   (no shield)
rNeg    + . .      Spirit   .   (no armour)
rPois   ∞          Reflect  .   (no helmet)
rElec   +          Harm     .   (no cloak)
rCorr   .          Rampage  .   (no gloves)
Will    .....                   (no boots)
Stlth   ++........              (no amulet)
HPRegen 0.08/turn               i - ring of protection from fire
MPRegen 0.10/turn               n - +4 ring of evasion

@: no status effects
A: sickness immunity, AC +3, negative energy resistance 1, electricity
resistance, torment resistance 1, petrification resistance
a: no special abilities


You were on level 3 of the Dungeon.
You visited 1 branch of the dungeon, and saw 3 of its levels.

You collected 93 gold pieces.

Inventory:

Hand Weapons
 d - a +0 dagger
 e - a +0 club
Missiles
 c - 7 stones
Armour
 b - a +0 robe
 g - a +0 leather armour
 l - a +0 robe
Magical Staves
 o - a staff of conjuration (weapon)
Jewellery
 i - a ring of protection from fire (left hand)
 m - a ring of resist corrosion
 n - a +4 ring of evasion (right hand)
Potions
 a - a potion of brilliance {unknown}
 f - a potion of curing
 j - a potion of flight {unknown}
 k - a potion of attraction


   Skills:
 + Level 1.5 Armour
 + Level 2.2 Dodging
 + Level 2.8 Stealth
 + Level 2.5 Spellcasting
 + Level 0.0 Conjurations
 + Level 1.5 Transmutations
 + Level 4.3 Earth Magic


You had 2 spell levels left.
You knew the following spells:

 Your Spells              Type           Power      Damage    Failure   Level
a - Sandblast             Erth           32%        2d9       3%          1
b - Passwall              Tmut/Erth      10%        N/A       9%          2
c - Stone Arrow           Conj/Erth      28%        3d8       22%         3

Your spell library contained the following spells:

 Spells                   Type           Power      Damage    Failure   Level
 Magic Dart               Conj           12%        1d3       19%         1
 Call Imp                 Summ           2%         N/A       28%         2
 Ignite Poison            Fire/Tmut/Pois 3%         N/A       41%         3
 Conjure Flame            Conj/Fire      3%         6-21      47%         3
 Mephitic Cloud           Conj/Pois/Air  3%         N/A       50%         3
 Petrify                  Tmut/Erth      12%        N/A       50%         4
 Sticky Flame             Conj/Fire      3%         2d3       87%         4


Dungeon Overview and Level Annotations

Branches:
Dungeon (3/15)

Altars:

Annotations:
D:3 glosham's ghost, weakling DjCA


Innate Abilities, Weirdness & Mutations

You are immune to sickness and miasma.
Your stone body is resilient. (AC +3)
You are immune to poison.
You resist negative energy. (rN+)
You are resistant to electric shocks. (rElec)
You are resistant to unholy torment.
You are immune to petrification.


Message History

You continue taking off your +2 scale mail of willpower.
The bullfrog skeleton barely misses you.
The howler monkey zombie hits you but does no damage.
Glosham's ghost says, "I burned twice as bright, and look where it got me..."
The water moccasin skeleton bites you but does no damage.
You continue taking off your +2 scale mail of willpower.
The howler monkey zombie hits you.
The water moccasin skeleton bites you but does no damage.
You continue taking off your +2 scale mail of willpower.
The howler monkey zombie hits you but does no damage.
The water moccasin skeleton misses you. Glosham's ghost closely misses you.
You finish taking off your +2 scale mail of willpower.
You feel less strong-willed.
You drop a +2 scale mail of willpower.
The howler monkey zombie hits you.
The bullfrog skeleton hits you but does no damage.
The water moccasin skeleton bites you.
* * * LOW HITPOINT WARNING * * *
Glosham's ghost closely misses you.
Unknown command.
Unknown command.
Casting: Sandblast (safe; 3% risk of failure)
Confirm with . or Enter, or press ? or * to list all spells.
Aiming: Passwall (safe; 9% risk of failure)
Press: ? - help, Dir - move target A rock wall.
This rock feels extremely deep.
The bullfrog skeleton misses you.
The water moccasin skeleton completely misses you.
The howler monkey zombie barely misses you.
Glosham's ghost closely misses you.
The bullfrog skeleton closely misses you.
The water moccasin skeleton bites you.
* * * LOW HITPOINT WARNING * * *
Unknown command.
Casting: Passwall (safe; 9% risk of failure)
Confirm with . or Enter, or press ? or * to list all spells.
Aiming: Passwall (safe; 9% risk of failure)
Press: ? - help, Dir - move target A rock wall.
This rock feels extremely deep.
The howler monkey zombie hits you.
You die...

.......##........##.......# .....
.......##........####'''#####....
...######..................##....
...........................##....
...........................##....
###........................######
#..........###...........#
#..........# #ZZ.........#
#..........# #@WZ........#
#..........# #.Z.........#
#..........# #...........#
#..........# ###....######
############ ......# #........
#......... #...$.....


You could see glosham's ghost, a howler monkey zombie, a water moccasin
skeleton, a bullfrog skeleton and a howler monkey skeleton.

Vanquished Creatures
  A bullfrog zombie (D:3)
  2 adders
  2 dart slugs (D:1)
  3 endoplasms (D:2)
  A giant cockroach (D:2)
  A goblin (D:2)
  4 hobgoblins
  3 jackals (D:1)
  4 quokkas
  5 ball pythons
  8 bats
  2 frilled lizards (D:1)
  3 kobolds (D:1)
  4 rats (D:1)
43 creatures vanquished.

Notes
Turn   | Place    | Note
-------+----------+-------------------------------------------
     0 | D:1      | Druoop the Gargoyle Earth Elementalist began the quest for
                  | the Orb.
     0 | D:1      | Reached XP level 1. HP: 10/10 MP: 3/3
   506 | D:1      | Reached skill level 1 in Transmutations
   545 | D:1      | Reached XP level 2. HP: 15/15 MP: 1/5
   968 | D:1      | Learned a level 2 spell: Passwall
  1366 | D:1      | Reached XP level 3. HP: 19/19 MP: 4/6
  2031 | D:2      | Reached skill level 1 in Armour
  2031 | D:2      | Reached skill level 4 in Earth Magic
  2875 | D:2      | Reached XP level 4. HP: 24/24 MP: 5/7
  3078 | D:3      | Identified a scroll of acquirement
  3078 | D:3      | Acquired a staff of conjuration
  3087 | D:3      | Learned a level 3 spell: Stone Arrow
  3187 | D:3      | Found a runed translucent gate.
  3201 | D:3      | Found a runed translucent gate.
  3202 | D:3      | Found a runed translucent gate.
  3208 | D:3      | Noticed glosham's ghost (weakling DjCA)
  3234 | D:3      | Slain by a howler monkey zombie

Illustrated notes

Levels and vault maps discovered:
D:1:      dpeg_arrival_long_road, layout_basic
D:2:      layout_loops_ring, patterned_corridor
D:3:      layout_basic, lemuel_tele_altar, gammafunk_ghost_necromancy,
          minmay_misc_feat_nine_boxes

Skill      XL: |  1  2  3 |
---------------+----------+-----
Transmutations | 1 |  1.5
Armour         | 1 |  1.5
Earth Magic    | 4 |  4.3
Dodging        | 2 |  2.2
Stealth        | |  2.8
Spellcasting   | |  2.5

Action                   |  1- 3 |  4- 6 || total
-------------------------+-------+-------++-------
Melee: Unarmed           |    28 |       ||    28
 Cast: Sandblast         |    50 |     9 ||    59
       Passwall          |       |     2 ||     2
  Use: Scroll            |     5 |     1 ||     6
       Potion            |     2 |       ||     2
Armor: Robe              |    14 |       ||    14
       Scale mail        |    13 |     7 ||    20
       Skin              |       |     1 ||     1
Dodge: Dodged            |    41 |    20 ||    61
